 Dungeon Crawl Stone Soup version 0.20-a0-739-g6bb112f (webtiles) character file.

77 Ijustatesigmund the Conjurer (level 4, 0/24 HPs)
             Began as a Gargoyle Wizard on Feb 24, 2017.
             Slain by an orc
             ... wielding a +0 whip
              (1 damage)
             ... on level 4 of the Dungeon.
             The game lasted 00:05:17 (2055 turns).

Ijustatesigmund the Conjurer (Gargoyle Wizard)      Turns: 2055, Time: 00:05:19

Health: 0/24       AC:  5    Str: 11    XL:     4   Next: 33%
Magic:  1/8        EV: 12    Int: 19    God:
Gold:   83         SH:  0    Dex:  8    Spells: 0/9 levels left

rFire    . . .     SeeInvis .   r - +0 flail
rCold    . . .     Gourm    .   a - +0 robe
rNeg     + . .     Faith    .   (no shield)
rPois    ∞         Spirit   .   b - +0 hat
rElec    +         Reflect  .   (no cloak)
rCorr    .         Harm     .   (no gloves)
MR       .....                  (no boots)
Stlth    ++........             (no amulet)
Regen    0.1/turn               (no ring)
MPRegen  0.2/turn               (no ring)

@: no status effects
A: negative energy resistance 1, electricity resistance, unbreathing,
petrification resistance, rot immunity, AC +3
a: no special abilities


You were on level 4 of the Dungeon.
You were not hungry.

You visited 1 branch of the dungeon, and saw 4 of its levels.

You collected 83 gold pieces.

Inventory:

Hand Weapons
 r - a +0 flail (weapon)
Missiles
 n - 2 javelins (quivered)
Armour
 a - a +0 robe (worn)
 b - a +0 hat (worn)
Wands
 q - a wand of iceblast (13/15)
Scrolls
 p - a scroll of identify
Potions
 h - 2 potions of berserk rage
 i - a potion of lignification
 j - a potion of might
Books
 c - a book of Minor Magic

   Spells                             Type                      Level
   a - Magic Dart                     Conjuration                  1
   b - Blink                          Translocation                2
   c - Call Imp                       Summoning                    2
   d - Slow                           Hexes                        2
   e - Conjure Flame                  Conjuration/Fire             3
   f - Mephitic Cloud                 Conjuration/Poison/Air       3
Comestibles
 d - 2 bread rations
 f - a meat ration
 k - a royal jelly


   Skills:
 - Level 1.5 Dodging
 - Level 2.1 Stealth
 - Level 3.0 Spellcasting
 + Level 4.3 Conjurations
   Level 0.8 Summonings
 - Level 0.8 Translocations
 * Level 0.2 Air Magic
 * Level 0.0 Poison Magic


You couldn't memorise any spells.
You knew the following spells:

 Your Spells              Type           Power        Failure   Level  Hunger
a - Magic Dart            Conj           ###.         2%          1    None
b - Blink                 Tloc           N/A          17%         2    ##.....
c - Conjure Flame         Conj/Fire      ##......     21%         3    ###....
d - Mephitic Cloud        Conj/Pois/Air  #.......     28%         3    ###....


Dungeon Overview and Level Annotations

Branches:
Dungeon (4/15)
 Temple: D:4-7

Altars:
Dithmenos
Makhleb


Innate Abilities, Weirdness & Mutations

You are resistant to torment.
Your stone body is resilient. (AC +3)
You are immune to poison.
You resist negative energy. (rN+)
You are resistant to electric shocks. (rElec)
You can survive without breathing.
You are immune to petrification.
You are immune to rotting.


Message History

The creatures around you are filled with an inner flame!
It was a scroll of immolation.
As you read the scroll labeled WIUGET ABATS, it crumbles to dust.
The scroll dissolves into smoke.
It was a scroll of fog.
As you read the scroll labeled ROKYNE QUKHLITO, it crumbles to dust.
You feel blessed for a moment.
It was a scroll of remove curse.
As you read the scroll labeled KYMAPO CIUJOBIR, it crumbles to dust.
It is a scroll of recharging.
Charge which item? (? for menu, Esc to quit)
Your wand of iceblast (?/15) glows for a moment.
The howler monkey hoots and howls with incredible vigour!
Casting: Magic Dart
Confirm with . or Enter, or press ? or * to list all spells.
You blink.
An orc comes into view. It is wielding a whip.
The howler monkey barely misses you. The howler monkey closely misses you.
The howler monkey hits you.
* * * LOW HITPOINT WARNING * * *
The orc hits you with a whip.
You die...

# #.
#..########
#.....#..o##
#..⌠...o.§§##
#......@hh§§#
#........§§§#
.#
#.......(§§.#
.#
##.........##
.#
##...#...##
.# #########
.#


You could see 2 howler monkeys and 2 orcs.

Vanquished Creatures
  3 gnolls (D:3)
  An adder (D:3)
  2 leopard geckos (D:2)
  5 goblins
  4 hobgoblins
  2 quokkas
  9 bats
  3 frilled lizards
  5 kobolds
  6 rats
40 creatures vanquished.

Notes
Turn   | Place    | Note
-------+----------+-------------------------------------------
     0 | D:1      | Ijustatesigmund the Gargoyle Wizard began the quest for the Orb.
     0 | D:1      | Reached XP level 1. HP: 10/10 MP: 4/4
   249 | D:1      | Reached skill level 2 in Conjurations
   315 | D:1      | Reached XP level 2. HP: 15/15 MP: 0/6
   319 | D:1      | Learned a level 2 spell: Blink
   852 | D:2      | Found a shadowy altar of Dithmenos.
  1016 | D:2      | Reached skill level 3 in Conjurations
  1030 | D:2      | Reached XP level 3. HP: 19/19 MP: 0/7
  1035 | D:2      | Learned a level 3 spell: Conjure Flame
  1714 | D:3      | Found a burning altar of Makhleb.
  1764 | D:3      | Reached skill level 4 in Conjurations
  1850 | D:3      | Reached XP level 4. HP: 14/24 MP: 3/8
  1971 | D:3      | Learned a level 3 spell: Mephitic Cloud
  2054 | D:4      | HP: 1/24 [howler monkey (4)]
  2055 | D:4      | Slain by an orc

Vault maps used:
D:1:      dpeg_arrival_line_fractal
D:2:      nicolae_dithmenos_shadow_blocks, grunt_decor_mini_mirrors,
          kennysheep_nondescript
D:3:      lemuel_round_altar, first_bread, supply_closet_lemuel, minmay_vboxes
D:4:      hangedman_feature_mirror

Skill      XL: |  1  2  3 |
---------------+----------+-----
Conjurations   | 2 3 4 |  4.3
Dodging        | |  1.5
Stealth        | |  2.1
Spellcasting   | |  3.0
Summonings     | |  0.8
Translocations | |  0.8
Air Magic      | |  0.2

Action                   |  1- 3 |  4- 6 || total
-------------------------+-------+-------++-------
Melee: Dagger            |    18 |       ||    18
       Flail             |       |     4 ||     4
 Cast: Magic Dart        |    83 |    12 ||    95
       Blink             |       |     1 ||     1
  Use: Scroll            |     5 |     4 ||     9
  Eat: Chunk             |     2 |     1 ||     3
Armor: Robe              |     9 |       ||     9
Dodge: Dodged            |    23 |     6 ||    29
